Map: Overgrowth LE

Players

Naattt

  • Race: Terran Terran
  • League: Master
  • Spawn Location: 1:00

A.I. 1 (Very Easy) - Winner!

  • Race: Terran Terran
  • Spawn Location: 7:00

VOD

Have the link to the VOD?

Description

Time

  • Played on: Dec. 10, 2016, 7:44 p.m.
  • Length: 5:28
Show
View Real Time Build Order
Export as new Build Order

Naattt Terran 

Build Orders: 1/1/1 

Get SALT Encoding   

  12  0:01  SCV  
  13  0:13  SCV  
  14  0:17  Supply Depot  
  14  0:25  SCV  
  14  0:28  Refinery  
  15  0:39  SCV  
  16  0:45  Barracks  
  16  0:51  SCV  
  16  0:55  Refinery  
  17  1:03  SCV  
  18  1:15  SCV  
  19  1:31  Orbital Command  
  19  1:32  Marine  
  20  1:35  Factory  
  20  1:49  Supply Depot  
  20  1:50  Marine  
  21  1:57  SCV  
  22  2:08  Marine  
  22  2:10  SCV  
  24  2:19  Starport  
  24  2:20  Factory Reactor  
  24  2:26  Marine, SCV  
  24  2:29  Supply Depot  
  26  2:42  SCV  
  27  2:58  Medivac  
  27  3:00  Supply Depot  
  27  3:01  Marine x2  
  27  3:04  Factory Tech Lab  
  31  3:08  SCV, Fusion Core  
  32  3:19  Marine x2  
  34  3:42  Marine x2, Supply Depot  
  38  3:48  Hellion  
  38  3:55  Battlecruiser  
  44  4:00  Marine x2  
  46  4:03  Supply Depot  
  46  4:05  Weapon Refit  
  46  4:11  Hellion  
  48  4:18  Marine x2  
  50  4:32  Hellion  
  50  4:36  Marine x2  
  54  4:53  Marine  
  54  4:54  Marine, Hellion  
  58  5:08  Supply Depot  
Show
View Real Time Build Order
Export as new Build Order

A.I. 1 (Very Easy) Terran - Winner!

Build Orders:  

Get SALT Encoding   

  12  0:00  SCV  
  13  0:13  SCV  
  14  0:19  Supply Depot  
  14  0:37  Refinery  
  14  0:46  Barracks  
  14  1:03  Supply Depot  
  14  1:12  Refinery  
  14  1:33  Marine, Orbital Command  
  15  1:52  Barracks Tech Lab  
  15  1:59  SCV  
  16  2:11  SCV  
  17  2:22  Marine  
  18  2:23  SCV  
  19  2:35  SCV  
  20  2:47  SCV  
  21  2:59  SCV  
  22  3:11  Marauder  
  24  4:19  Marine  
  24  4:21  Supply Depot  
  25  4:49  Marauder  
Tags
 
League
Master
Matchup
TvT
Opening
1/1/1
Race
Terran
Spawn Locations
Cross Positions
Add a new tag
Caveats
  • Supply blocks, unpowered buildings, or Contaminate may cause inaccurate times.
  • Supply counts are checked every 10 seconds.